 Dungeon Crawl Stone Soup version 0.16-a0-3712-g87ae24a (console) character file.

37 MrRokkomies the Sneak (level 3, -2/25 HPs)
             Began as an Octopode Assassin on Jan 20, 2015.
             Slain by Terence
             ... wielding a +0 trident
              (8 damage)
             ... on level 2 of the Dungeon.
             The game lasted 00:03:37 (1455 turns).

MrRokkomies the Sneak (Octopode Assassin)           Turns: 1455, Time: 00:03:38

Health: -2/25      AC:  1    Str: 10    XL:     3   Next: 41%
Magic:  3/3        EV: 11    Int: 14    God:
Gold:   70         SH:  0    Dex: 13    Spells: 0 memorised, 2 levels left

rFire  . . .     SeeInvis .     b - +0 blowgun
rCold  . . .     Clarity  .     (no shield)
rNeg   . . .     SustAb   .     (helmet restricted)
rPois  .         Gourm    .     (no amulet)
rElec  .         Spirit   .     (no ring)
rCorr  .         Warding  .     (no ring)
rMut   .         Stasis   .     (no ring)
MR     .....                    (no ring)
Stlth  ++++......               (no ring)
                                (no ring)
                                (no ring)
                                (no ring)

@: not resistant to hostile enchantments, stealthy
A: almost no armour, amphibious, 8 rings, constrict 8, camouflage 1, gelatinous
body 1
a: no special abilities


You were on level 2 of the Dungeon.
You were not hungry.

You visited 1 branch of the dungeon, and saw 2 of its levels.

You collected 70 gold pieces.

Inventory:

Hand weapons
 a - a +2 dagger
 b - a +0 blowgun (weapon)
Missiles
 e - 8 poisoned needles (quivered)
 f - a curare-tipped needle
Scrolls
 c - 2 scrolls of identify {unknown}
 d - a scroll of noise {unknown}
 i - a scroll of enchant weapon {unknown}
 j - 2 scrolls of fog {unknown}
 n - a scroll of recharging {unknown}
Potions
 h - a potion of cure mutation
 m - a potion of restore abilities {unknown}
Comestibles
 g - 2 bread rations
 l - a meat ration


   Skills:
 * Level 2.6 Fighting
 * Level 2.8 Short Blades
 - Level 2.0 Throwing
 - Level 1.0 Dodging
 + Level 5.7 Stealth


You had 2 spell levels left.
You didn't know any spells.

Dungeon Overview and Level Annotations

Branches:
Dungeon (2/15)

Altars:

Annotations:
D:2 Terence


Innate Abilities, Weirdness & Mutations

You cannot wear most types of armour.
You are amphibious.
You can wear up to eight rings at the same time.
You can use your tentacles to constrict many enemies at once.
Your skin changes colour to match your surroundings (Stealth).
Your rubbery body absorbs attacks (AC +1).


Message History

* * * LOW HITPOINT WARNING * * *
You are too injured to fight recklessly!
Drink which item? (? for menu, Esc to quit)
It was a potion of cure mutation.
It has a very clean taste.
You constrict Terence. Terence closely misses you.
Drink which item? (? for menu, Esc to quit)
It was a potion of curing.
You feel better.
You constrict Terence, but do no damage.
Terence misses you.
You release your grip on Terence.
Terence hits you from afar with a trident.
* * * LOW HITPOINT WARNING * * *
b - a +0 blowgun (weapon)
Fire/throw which item? (* to show all) (? for menu, Esc to quit)
Press: ? - help, Shift-Dir - straight line, f - Terence
Aim: Terence, wielding a trident and wearing a shiny scale mail (severely wounded)
You shoot a curare-tipped needle.
The curare-tipped needle closely misses Terence.
Terence hits you from afar with a trident!
You die...

####++####
##........##
##..........##
##........=...##
##..............##
##.......†........##
#..(.....@.@.....[.#
#.....$............#
#.......♣..♣.......#
+..........(.......+
+..................+
.......♣..♣.......#
..................#
..................#
#................##
#.....(........##
##........÷...##


You could see Terence.

Vanquished Creatures
  An adder (D:2)
  An ooze (D:1)
  3 ball pythons (D:1)
  2 giant cockroaches (D:1)
  5 goblins
  2 hobgoblins (D:1)
  3 bats (D:1)
  4 kobolds (D:1)
  7 rats
28 creatures vanquished.

Notes
Turn   | Place    | Note
--------------------------------------------------------------
     0 | D:1      | MrRokkomies, the Octopode Assassin, began the quest for the Orb.
     0 | D:1      | Reached XP level 1. HP: 14/14 MP: 1/1
   319 | D:1      | Reached XP level 2. HP: 12/20 MP: 2/2
  1060 | D:1      | Reached XP level 3. HP: 20/25 MP: 3/3
  1437 | D:2      | Noticed Terence
  1447 | D:2      | HP: 1/25 [Terence/trident (8)]
  1455 | D:2      | Slain by Terence

Action                   || total
-------------------------++-------
Melee: Dagger            ||    58
 Fire: Blowgun           ||     1
  Use: Potion            ||     2
 Stab: Sleeping          ||     4
  Eat: Chunk             ||     2
